PL
CHICAGO SILVER SOX @ OAKLAND OAKS
09/14/2038
 
TOP OF THE 1ST
Chicago Silver Sox batting - Pitching for Oakland Oaks : LHP Kevin Nogilny
Pitching: LHP Kevin Nogilny
Batting: RHB Brock Dean 0-0: Ball
1-0: Ground out 6-3 (Groundball, 6, EV 101.2 MPH)
Batting: LHB Jonathan Gunner 0-0: Swinging Strike
0-1: Foul Ball, location: 2F
0-2: Ball
1-2: Foul Ball, location: 2F
1-2: Ball
2-2: Ball
3-2: Foul Ball, location: 2F
3-2: Strikes out swinging
Batting: RHB Melvin Thomas 0-0: Foul Ball, location: 2F
0-1: Swinging Strike
0-2: Ball
1-2: Ground out 5-3 (Groundball, 56, EV 81.2 MPH)
Top of the 1st over - 0 runs, 0 hits, 0 errors, 0 left on base; Chicago 0 - Oakland 0
BOTTOM OF THE 1ST
Oakland Oaks batting - Pitching for Chicago Silver Sox : LHP Stanford McCain
Pitching: LHP Stanford McCain
Batting: RHB Silvian Burger 0-0: Ball
1-0: Ball
2-0: Called Strike
2-1: Ground out 1-3 (Groundball, 34S, EV 88.8 MPH)
Batting: SHB Eustacio Tafalla 0-0: Foul Ball, location: 2F
0-1: Foul Ball, location: 2F
0-2: SINGLE (Line Drive, 7LS, EV 87.5 MPH)
Batting: LHB Héctor Velázquez 0-0: Swinging Strike
0-1: Ball
1-1: Ball
2-1: TRIPLE (Line Drive, 78XD, EV 101.2 MPH)
Eustacio Tafalla scores
Batting: RHB Esteban Vázquez 0-0: Called Strike
0-1: Called Strike
0-2: SINGLE (Groundball, 6M, EV 110.6 MPH) (infield hit)
Héctor Velázquez scores
Batting: RHB Colin O'Connell 0-0: Ball
1-0: Ball
2-0: Called Strike
2-1: Ball
3-1: Foul Ball, location: 2F
3-2: Strikes out swinging
Esteban Vázquez steals 2nd base
Batter strikes out.
Batting: RHB Vonne Navarrete 0-0: Ball
1-0: Ground out 4-3 (Groundball, 4, EV 83.1 MPH)
Bottom of the 1st over - 2 runs, 3 hits, 0 errors, 1 left on base; Chicago 0 - Oakland 2
TOP OF THE 2ND
Chicago Silver Sox batting - Pitching for Oakland Oaks : LHP Kevin Nogilny
Batting: RHB Manuel Ramos 0-0: Ball
1-0: Fly out, F8 (Flyball, 8RM, EV 88.8 MPH)
Batting: RHB Fortunato Rasquinha 0-0: Ball
1-0: Ground out 4-3 (Groundball, 4, EV 89.4 MPH)
Batting: RHB Garm van Opdorp 0-0: Called Strike
0-1: Foul Ball, location: 2F
0-2: Fly out, F8 (Flyball, 89D, EV 95.0 MPH)
Top of the 2nd over - 0 runs, 0 hits, 0 errors, 0 left on base; Chicago 0 - Oakland 2
BOTTOM OF THE 2ND
Oakland Oaks batting - Pitching for Chicago Silver Sox : LHP Stanford McCain
Batting: RHB Keohi Iese 0-0: Ball
1-0: SINGLE (Groundball, 4MD, EV 101.9 MPH)
Batting: RHB Cornelius Adkison 0-0: Called Strike
0-1: Ball
1-1: Fly out, F9 (Line Drive, 9D, EV 88.1 MPH)
Batting: SHB Cecil Nelson 0-0: Called Strike
0-1: Called Strike
0-2: Ball
1-2: Fielders Choice at 2nd, 4-6 (Groundball, 4, EV 106.2 MPH)
Batting: RHB Silvian Burger 0-0: Swinging Strike
0-1: Ball
1-1: Foul Ball, location: 2F
1-2: Fly out, F9 (Flyball, 89M, EV 92.5 MPH)
Bottom of the 2nd over - 0 runs, 1 hit, 0 errors, 1 left on base; Chicago 0 - Oakland 2
TOP OF THE 3RD
Chicago Silver Sox batting - Pitching for Oakland Oaks : LHP Kevin Nogilny
Batting: RHB Ricardo Mireles 0-0: Foul Ball, location: 2F
0-1: Ball
1-1: Swinging Strike
1-2: Ball
2-2: Strikes out swinging
Batting: SHB Gerrie Bond 0-0: Ball
1-0: Fly out, F9 (Flyball, 9, EV 96.2 MPH)
Batting: LHB Chris Fitzgerald 0-0: Ball
1-0: Ball
2-0: SINGLE (Groundball, 4MD, EV 100.6 MPH)
Batting: RHB Brock Dean 0-0: Ball
1-0: Foul Ball, location: 2F
1-1: Foul Ball, location: 2F
1-2: Ball
2-2: Foul Ball, location: 2F
2-2: Strikes out swinging
Top of the 3rd over - 0 runs, 1 hit, 0 errors, 1 left on base; Chicago 0 - Oakland 2
BOTTOM OF THE 3RD
Oakland Oaks batting - Pitching for Chicago Silver Sox : LHP Stanford McCain
Batting: SHB Eustacio Tafalla 0-0: Ball
1-0: Ball
2-0: Foul Ball, location: 2F
2-1: Fly out, F8 (Flyball, 78XD, EV 96.2 MPH)
Batting: LHB Héctor Velázquez 0-0: Called Strike
0-1: SOLO HOME RUN (Flyball, 89XD, EV 93.8 MPH), Distance : 399 ft
Batting: RHB Esteban Vázquez 0-0: Called Strike
0-1: Ball
1-1: Called Strike
1-2: SINGLE (Groundball, 56, EV 78.8 MPH) (infield hit)
Batting: RHB Colin O'Connell 0-0: Ball
1-0: Ball
2-0: Ground out 5-3 (Groundball, 56S, EV 68.1 MPH)
Esteban Vázquez to second
Batting: RHB Vonne Navarrete 0-0: Called Strike
0-1: Ball
1-1: DOUBLE (Flyball, 89D, EV 106.2 MPH)
Esteban Vázquez scores
Batting: RHB Keohi Iese 0-0: Called Strike
0-1: Ball
Wild Pitch!
Vonne Navarrete to third
1-1: Swinging Strike
1-2: Strikes out swinging
Bottom of the 3rd over - 2 runs, 3 hits, 0 errors, 1 left on base; Chicago 0 - Oakland 4
TOP OF THE 4TH
Chicago Silver Sox batting - Pitching for Oakland Oaks : LHP Kevin Nogilny
Batting: LHB Jonathan Gunner 0-0: Called Strike
0-1: Swinging Strike
0-2: Ball
1-2: Ball
2-2: Fly out, F4 (Popup, 34D, EV 50.0 MPH)
Batting: RHB Melvin Thomas 0-0: Ball
1-0: Ground out 4-3 (Groundball, 4D, EV 95.6 MPH)
Batting: RHB Manuel Ramos 0-0: SINGLE (Line Drive, 6MD, EV 94.4 MPH)
Batting: RHB Fortunato Rasquinha 0-0: Swinging Strike
0-1: Ball
1-1: Foul Ball, location: 2F
1-2: Strikes out swinging
Top of the 4th over - 0 runs, 1 hit, 0 errors, 1 left on base; Chicago 0 - Oakland 4
BOTTOM OF THE 4TH
Oakland Oaks batting - Pitching for Chicago Silver Sox : LHP Stanford McCain
Batting: RHB Cornelius Adkison 0-0: Called Strike
0-1: Ground out 6-3 (Groundball, 6, EV 85.6 MPH)
Batting: SHB Cecil Nelson 0-0: Foul Ball, location: 2F
0-1: Swinging Strike
0-2: Strikes out swinging
Batting: RHB Silvian Burger 0-0: Called Strike
0-1: Ball
1-1: SINGLE (Groundball, 56D, EV 103.8 MPH)
Batting: SHB Eustacio Tafalla 0-0: Ball
1-0: Fielders Choice at 2nd, 5-4 (Groundball, 56, EV 81.9 MPH)
Bottom of the 4th over - 0 runs, 1 hit, 0 errors, 1 left on base; Chicago 0 - Oakland 4
TOP OF THE 5TH
Chicago Silver Sox batting - Pitching for Oakland Oaks : LHP Kevin Nogilny
Batting: RHB Garm van Opdorp 0-0: Called Strike
0-1: Foul Ball, location: 2F
0-2: Foul Ball, location: 2F
0-2: Ball
1-2: Ground out 2-3 (Groundball, 13S, EV 70.6 MPH)
Batting: RHB Ricardo Mireles 0-0: Ball
1-0: Called Strike
1-1: SINGLE (Groundball, 6D, EV 98.1 MPH)
Batting: SHB Gerrie Bond 0-0: Called Strike
0-1: Ball
1-1: Ball
2-1: Ball
3-1: Foul Ball, location: 2F
3-2: Base on Balls
Ricardo Mireles to second
Batting: LHB Chris Fitzgerald 0-0: Called Strike
0-1: Called Strike
0-2: Foul Ball, location: 2F
0-2: Strikes out swinging
Batting: RHB Brock Dean 0-0: Called Strike
0-1: Called Strike
0-2: Hit by Pitch
Ricardo Mireles to third
Gerrie Bond to second
Batting: LHB Jonathan Gunner 0-0: SINGLE (Groundball, 34D, EV 102.5 MPH)
Ricardo Mireles scores
Gerrie Bond to third
Brock Dean to second
Runner from 3rd tries for Home, SAFE, no throw by RF
Batting: RHB Melvin Thomas 0-0: Ball
Passed Ball!
Brock Dean to third
Jonathan Gunner to second
1-0: Foul Ball, location: 2F
1-1: Ball
2-1: SINGLE (Line Drive, 4MD, EV 108.8 MPH)
Brock Dean scores
Jonathan Gunner to third
Batting: RHB Manuel Ramos 0-0: Fly out, F9 (Flyball, 89M, EV 95.0 MPH)
Top of the 5th over - 3 runs, 3 hits, 0 errors, 2 left on base; Chicago 3 - Oakland 4
BOTTOM OF THE 5TH
Oakland Oaks batting - Pitching for Chicago Silver Sox : LHP Stanford McCain
Batting: LHB Héctor Velázquez 0-0: Ball
1-0: Ball
2-0: Foul Ball, location: 2F
2-1: Foul Ball, location: 2F
2-2: Ball
3-2: Foul Ball, location: 2F
3-2: Base on Balls
Batting: RHB Esteban Vázquez 0-0: Called Strike
0-1: Ball
1-1: SINGLE (Groundball, 34D, EV 101.9 MPH)
Héctor Velázquez to second
Runner from 2nd tries for 3rd, SAFE, no throw by RF
Batting: RHB Colin O'Connell 0-0: Called Strike
0-1: Ball
1-1: Called Strike
1-2: Foul Ball, location: 2F
1-2: Ball
2-2: Foul Ball, location: 2F
2-2: Foul Ball, location: 2F
2-2: Fly out, F8 (Flyball, 8RS, EV 86.9 MPH)
Batting: RHB Vonne Navarrete 0-0: Ball
1-0: Called Strike
1-1: Grounds into double play, 4-6-3 (Groundball, 4, EV 108.8 MPH)
Bottom of the 5th over - 0 runs, 1 hit, 0 errors, 1 left on base; Chicago 3 - Oakland 4
TOP OF THE 6TH
Chicago Silver Sox batting - Pitching for Oakland Oaks : LHP Kevin Nogilny
Batting: RHB Fortunato Rasquinha 0-0: Called Strike
0-1: Foul Ball, location: 2F
0-2: Ball
1-2: Ball
2-2: Strikes out swinging
Batting: RHB Garm van Opdorp 0-0: SINGLE (Groundball, 34D, EV 103.8 MPH)
Batting: RHB Ricardo Mireles 0-0: Fly out, F7 (Line Drive, 7D, EV 92.5 MPH)
Batting: SHB Gerrie Bond 0-0: Ball
1-0: Ball
2-0: Called Strike
2-1: Fly out, F4 (Line Drive, 4, EV 65.6 MPH)
Top of the 6th over - 0 runs, 1 hit, 0 errors, 1 left on base; Chicago 3 - Oakland 4
BOTTOM OF THE 6TH
Oakland Oaks batting - Pitching for Chicago Silver Sox : LHP Stanford McCain
Batting: RHB Keohi Iese 0-0: Ball
1-0: Reached on error, E5 (Groundball, 56, EV 81.9 MPH)
Batting: RHB Cornelius Adkison 0-0: Bunted foul
0-1: Sac Bunt to 3S - play at first, batter OUT! 3-1
Keohi Iese to second
Batting: SHB Cecil Nelson 0-0: Ball
1-0: Ball
2-0: Called Strike
2-1: Foul Ball, location: 2F
2-2: Foul Ball, location: 2F
2-2: Ball
3-2: Base on Balls
Batting: RHB Silvian Burger 0-0: Called Strike
0-1: Swinging Strike
0-2: SINGLE (Flyball, 78S, EV 95.6 MPH)
Keohi Iese to third
Cecil Nelson to second
Runner from 3rd tries for Home, SAFE, throw by LF to home
Pitching: RHP Eugenio Piñeiro
Batting: SHB Eustacio Tafalla 0-0: Fly out, F1 (Line Drive, P, EV 65.0 MPH)
Batting: LHB Héctor Velázquez 0-0: Called Strike
0-1: Ball
1-1: Ball
2-1: 3-RUN HOME RUN (Flyball, 89XD, EV 101.9 MPH), Distance : 408 ft
Batting: RHB Esteban Vázquez 0-0: Called Strike
0-1: Foul Ball, location: 2F
0-2: Strikes out looking
Bottom of the 6th over - 4 runs, 2 hits, 1 error, 0 left on base; Chicago 3 - Oakland 8
TOP OF THE 7TH
Chicago Silver Sox batting - Pitching for Oakland Oaks : LHP Kevin Nogilny
Batting: LHB Chris Fitzgerald 0-0: Ball
1-0: Ball
2-0: Foul Ball, location: 2F
2-1: Fly out, F7 (Flyball, 7D, EV 86.2 MPH)
Batting: RHB Brock Dean 0-0: Ball
1-0: Foul Ball, location: 2F
1-1: Foul Ball, location: 2F
1-2: Ball
2-2: Ground out 6-3 (Groundball, 6, EV 104.4 MPH)
Batting: LHB Jonathan Gunner 0-0: Ball
1-0: Reached on error, E8 (Line Drive, 8LM, EV 95.6 MPH)
Pitching: RHP Daniel Lavalley
Batting: RHB Melvin Thomas 0-0: Ball
1-0: Fly out, F4 (Popup, 34, EV 58.8 MPH)
Top of the 7th over - 0 runs, 0 hits, 1 error, 1 left on base; Chicago 3 - Oakland 8
BOTTOM OF THE 7TH
Oakland Oaks batting - Pitching for Chicago Silver Sox : RHP Eugenio Piñeiro
Batting: RHB Colin O'Connell 0-0: Called Strike
0-1: DOUBLE (Line Drive, 89D, EV 113.1 MPH)
Batting: RHB Vonne Navarrete 0-0: Called Strike
0-1: Called Strike
0-2: Ball
1-2: Ball
2-2: Foul Ball, location: 2F
2-2: TRIPLE (Line Drive, 78XD, EV 105.6 MPH)
Colin O'Connell scores
Batting: RHB Keohi Iese 0-0: Ball
1-0: Ball
2-0: Ball
3-0: Called Strike
3-1: Fly out, F8 (Flyball, 8RXD, EV 94.4 MPH)
Runner from 3rd tags up, SCORES, no throw by CF
Batting: RHB Cornelius Adkison 0-0: Ball
1-0: Called Strike
1-1: Foul Ball, location: 2F
1-2: Strikes out swinging
Pinch Hitting: LHB Ieyoshi Samurakami 0-0: Ball
1-0: Ground out 5-3 (Groundball, 5, EV 79.4 MPH)
Bottom of the 7th over - 2 runs, 2 hits, 0 errors, 0 left on base; Chicago 3 - Oakland 10
TOP OF THE 8TH
Chicago Silver Sox batting - Pitching for Oakland Oaks : RHP Daniel Lavalley
Now at 1B: Ieyoshi Samurakami
Batting: RHB Manuel Ramos 0-0: Foul Ball, location: 2F
0-1: Ball
1-1: SOLO HOME RUN (Flyball, 7LD, EV 103.8 MPH), Distance : 348 ft
Batting: RHB Fortunato Rasquinha 0-0: Ball
1-0: Ground out 6-3 (Groundball, 4M, EV 111.9 MPH)
Batting: RHB Garm van Opdorp 0-0: Fly out, F8 (Line Drive, 8LM, EV 100.0 MPH)
Batting: RHB Ricardo Mireles 0-0: Ground out 6-3 (Groundball, 6, EV 88.1 MPH)
Top of the 8th over - 1 run, 1 hit, 0 errors, 0 left on base; Chicago 4 - Oakland 10
BOTTOM OF THE 8TH
Oakland Oaks batting - Pitching for Chicago Silver Sox : RHP Eugenio Piñeiro
Batting: RHB Silvian Burger 0-0: Called Strike
0-1: Fly out, F7 (Flyball, 7LD, EV 83.1 MPH)
Batting: SHB Eustacio Tafalla 0-0: Called Strike
0-1: Called Strike
0-2: Foul Ball, location: 2F
0-2: Fly out, F7 (Flyball, 7, EV 87.5 MPH)
Batting: LHB Héctor Velázquez 0-0: Called Strike
0-1: SINGLE (Line Drive, 89M, EV 101.9 MPH)
Batting: RHB Esteban Vázquez 0-0: Called Strike
0-1: Ball
Héctor Velázquez steals 2nd base
1-1: Ball
2-1: Called Strike
2-2: Foul Ball, location: 2F
2-2: Ground out 5-3 (Groundball, 5L, EV 85.6 MPH)
Bottom of the 8th over - 0 runs, 1 hit, 0 errors, 1 left on base; Chicago 4 - Oakland 10
TOP OF THE 9TH
Chicago Silver Sox batting - Pitching for Oakland Oaks : RHP Daniel Lavalley
Batting: SHB Gerrie Bond 0-0: Ball
1-0: Ball
2-0: Ball
3-0: Called Strike
3-1: Foul Ball, location: 2F
3-2: Foul Ball, location: 2F
3-2: Base on Balls
Batting: LHB Chris Fitzgerald 0-0: Called Strike
0-1: Called Strike
0-2: Strikes out swinging
Batting: RHB Brock Dean 0-0: Called Strike
0-1: Foul Ball, location: 2F
0-2: Fly out, F7 (Flyball, 7, EV 86.9 MPH)
Batting: LHB Jonathan Gunner 0-0: Ground out 1-3 (Groundball, 34S, EV 81.9 MPH)
Top of the 9th over - 0 runs, 0 hits, 0 errors, 1 left on base; Chicago 4 - Oakland 10
Friday, April 17th, 2020 - OOTP Baseball 20.8 Build 74